 Dungeon Crawl Stone Soup version 0.30-a0-737-gf23d94013f (webtiles) character file.

Game seed: 6520520161835677181

121 Chromium the Covered (level 4, -7/40 HPs)
             Began as an Armataur Fighter on Feb 1, 2023.
             Engulfed by a cloud of poison gas (12 damage)
             ... on level 2 of the Dungeon.
             The game lasted 00:05:04 (1560 turns).

Chromium the Covered (Armataur Fighter)             Turns: 1560, Time: 00:05:05

Health: -7/40      AC:  7    Str: 23    XL:     4   Next: 77%
Magic:  4/4        EV:  7    Int:  9    God:
Gold:   215        SH:  4    Dex:  9    Spells: 3/3 levels left

rFire   . . .      SeeInvis .    a - +0 long sword
rCold   . . .      Faith    .    c - +0 buckler
rNeg    . . .      Spirit   .    b - +0 scale mail
rPois   .          Reflect  .    (no helmet)
rElec   .          Harm     .    (no cloak)
rCorr   .          Roll     +    (no gloves)
Will    .....                    (no barding) Stlth
                                 (no amulet)
HPRegen 0.26/turn                (no ring)
MPRegen 0.09/turn                (no ring)

@: lethally poisoned (-7 -> -61), about to teleport
A: large, rugged brown scales 3, deformed body, armoured tail, roll, long
tongue, awkward tongue
a: no special abilities


You were on level 2 of the Dungeon.
You visited 1 branch of the dungeon, and saw 2 of its levels.

You collected 215 gold pieces.

Inventory:

Hand Weapons
 a - a +0 long sword (weapon)
 m - a +0 dagger of freezing
Armour
 b - a +0 scale mail (worn)
 c - a +0 buckler (worn)
Scrolls
 h - 2 scrolls of fog
Potions
 d - a potion of might
 f - a potion of flight
 g - a potion of brilliance


   Skills:
 + Level 3.2 Fighting
 + Level 2.9 Long Blades
 + Level 4.1 Armour
 + Level 1.1 Dodging
 + Level 0.1 Stealth
 + Level 3.9 Shields


You had 3 spell levels left.
You didn't know any spells.
Your spell library was empty.

Dungeon Overview and Level Annotations

Branches:
Dungeon (2/15)

Altars:


Innate Abilities, Weirdness & Mutations

You are completely covered in rugged brown scales. (AC +3, +7% HP)
Armour fits poorly on your strangely shaped body.
You have a long armoured tail.
You roll when moving toward enemies. (Rampage)
Your long tongue fully drains potion bottles. (2x potion effects)
Your tongue gives you trouble enunciating. (1.5x scroll delay)


Message History

There is a stone staircase leading up here.
You see here 6 stones.
There is a stone staircase leading down here.
Done exploring.
You see here a jackal skeleton.
You enter the shallow water.
There is a stone staircase leading down here.
As you slowly read the scroll labelled LOSUSUH PANK, it crumbles to dust.
You feel strangely unstable.
It was a scroll of teleportation.
Done exploring.
Done exploring.
As you slowly read the scroll labelled CEP GAISIS, it crumbles to dust.
You assume a fearsome visage.
Nothing appears to happen.
It was a scroll of fear.
Your surroundings suddenly seem different.
The air fills with toxic fumes!
As you slowly read the scroll labelled SUOLAEFETI, it crumbles to dust.
It was a scroll of poison.
As you slowly read the scroll labelled QUR ZOMETE, it crumbles to dust.
It is a scroll of identify.
j - a potion of mutation You slurp down every last drop of the grey potion!
It was a potion of curing.
You feel better.
You drop a potion of mutation.
Sorry, I don't know how to get there.
Really walk into that cloud of poison gas?
Uppercase [Y]es or [N]o only, please.
Really walk into that cloud of poison gas?
You are engulfed in poison gas.
You are poisoned.
You feel very sick.
You are engulfed in poison gas.
You are more poisoned.
You feel very sick.
You are engulfed in poison gas.
You are more poisoned.
* * * LOW HITPOINT WARNING * * *
You feel extremely sick.
As you slowly read the scroll of teleportation, it crumbles to dust.
You feel strangely unstable.
You are engulfed in poison gas.
You are more poisoned.
You die...

#..........## ##...#
...######...######### #...#
#.#.##..............# ##...#
.......##...#######.# #....#
#.#.######.## #.# #.#..#
...#### #.# #.###.#..#
.÷....####.# #.#...#..#
...........########÷#.###..#
#.#.....#...§○§§@§☼#.......#
#.#.###.#..########<#.###.##
....# #....######...#.###.#
#.#.###.#.................#
[.........#######.###.#####
....####### #.# #.# ...###
###.###.# ..>..# #.....#.#
####.##########.#.#.#.#


There were no monsters in sight!

Vanquished Creatures
  Jessica (D:2)
  5 adders (D:2)
  A dart slug (D:2)
  3 ball pythons
  7 bats
  2 endoplasms (D:2)
  4 giant cockroaches (D:1)
  5 goblins
  2 hobgoblins (D:2)
  4 jackals (D:2)
  5 kobolds
  3 quokkas (D:1)
  5 frilled lizards
  3 rats (D:1)
50 creatures vanquished.

Notes
Turn   | Place    | Note
-------+----------+-------------------------------------------
     0 | D:1      | Chromium the Armataur Fighter began the quest for the Orb.
     0 | D:1      | Reached XP level 1. HP: 19/19 MP: 1/1
   204 | D:1      | Reached XP level 2. HP: 5/26 MP: 2/2
   576 | D:1      | Reached skill level 4 in Armour
   753 | D:2      | Reached XP level 3. HP: 20/32 MP: 3/3
   912 | D:2      | Reached XP level 4. HP: 37/40 MP: 4/4
  1060 | D:2      | Noticed Jessica
  1064 | D:2      | Killed Jessica
  1416 | D:2      | Reached skill level 1 in Dodging
  1560 | D:2      | Engulfed by a cloud of poison gas

Illustrated notes

Levels and vault maps discovered:
D:1:      amcnicky_arrival_double_pillar, layout_loops_cross
D:2:      layout_loops_ring, serial_bayou_pond_e, minivault_5, uniq_jessica

Skill      XL: |  1  2  3  4 |
---------------+-------------+-----
Long Blades    | 2 |  2.9
Armour         | 4 |  4.1
Fighting       | 3 |  3.2
Dodging        | 1 |  1.1
Stealth        | |  0.1
Shields        | |  3.9

Action                     |  1- 3 |  4- 6 || total
---------------------------+-------+-------++-------
  Melee: Long sword        |   109 |    50 ||   159
         Tailslap          |    10 |     6 ||    16
    Use: Potion            |     4 |     1 ||     5
         Scroll            |     2 |     5 ||     7
 Armour: Scale mail        |    88 |    42 ||   130
  Dodge: Dodged            |    50 |    30 ||    80
  Block: Buckler           |    34 |    17 ||    51

Table legend: (Time is in decaauts)
 A = Elapsed time spent in this place.
 B = Non-inter-level travel time spent in this place.
 C = Inter-level travel time spent in this place.
 D = Time resting spent in this place.
 E = Time spent auto-exploring this place.
 F = Levels seen in this place.
 G = Mean time per level.
                   A        B        C        D        E       F      G
               +--------+--------+--------+--------+--------+-----+--------+
         Total |   1629 |   1368 |    261 |      0 |    968 |   2 |  814.5 |
       Dungeon |   1629 |   1368 |    261 |      0 |    968 |   2 |  814.5 |
               +--------+--------+--------+--------+--------+-----+--------+

Top non-repeatable levels by time:
     D:2: 861 daAuts
     D:1: 767 daAuts
